Map: World of Sleepers LE

Players

Lobo - Winner!

  • Race: Protoss Protoss
  • Spawn Location: 1:00

TheVirus

  • Race: Protoss Protoss
  • League: Master
  • Spawn Location: 7:00

Event: NationWars 2019

VOD

Have the link to the VOD?

Description

Time

  • Played on: Oct. 1, 2019, 11:03 a.m.
  • Length: 5:12
Show
View Real Time Build Order
Export as new Build Order

Lobo Protoss - Winner!

Build Orders:  

Get SALT Encoding   

  12  0:00  Probe  
  13  0:13  Probe  
  14  0:17  Pylon  
  14  0:25  Probe  
  15  0:37  Probe (Chrono Boost), Gateway  
  16  0:47  Assimilator  
  16  0:48  Probe (Chrono Boost)  
  17  0:53  Probe (Chrono Boost)  
  18  0:59  Assimilator  
  18  1:07  Gateway  
  18  1:08  Probe  
  19  1:25  Forge  
  18  1:44  Cybernetics Core  
  17  1:58  Photon Cannon  
  17  2:04  Probe  
  18  2:16  Probe  
  18  2:18  Stalker (Chrono Boost)  
  21  2:27  Warp Gate (Chrono Boost)  
  21  2:30  Pylon  
  22  2:37  Probe  
  22  2:45  Pylon  
  22  2:50  Probe  
  23  2:55  Stalker  
  25  3:04  Robotics Facility  
  25  3:06  Probe  
  26  3:17  Gateway  
  26  3:19  Probe  
  27  3:25  Gateway  
  27  3:50  Warp Prism (Chrono Boost)  
  29  4:02  Stalker  
  31  4:07  Shield Battery  
  31  4:13  Stalker  
  33  4:21  Stalker  
  33  4:23  Observer (Chrono Boost)  
  36  4:26  Pylon  
  36  4:35  Zealot  
  38  4:46  Stalker, Zealot  
  40  4:58  Stalker  
Show
View Real Time Build Order
Export as new Build Order

TheVirus Protoss 

Build Orders:  

Get SALT Encoding   

  12  0:00  Probe  
  13  0:13  Probe  
  14  0:20  Pylon  
  14  0:33  Probe  
  15  0:39  Forge  
  15  0:51  Pylon  
  15  0:56  Probe  
  16  1:18  Photon Cannon  
  16  1:19  Photon Cannon  
  16  1:23  Pylon  
  15  1:54  Assimilator  
  15  1:55  Probe  
  15  1:56  Gateway  
  16  2:05  Assimilator  
  16  2:07  Probe (Chrono Boost)  
  17  2:15  Pylon  
  17  2:18  Probe (Chrono Boost)  
  18  2:23  Probe (Chrono Boost)  
  19  2:35  Probe  
  20  2:46  Cybernetics Core  
  20  2:47  Probe (Chrono Boost)  
  22  2:59  Probe (Chrono Boost)  
  22  3:06  Probe (Chrono Boost)  
  23  3:20  Gateway  
  23  3:27  Stalker (Chrono Boost)  
  23  3:28  Stargate  
  23  3:34  Shield Battery  
  25  3:39  Pylon  
  25  3:46  Stargate  
  25  4:02  Stalker  
  26  4:09  Gateway  
  26  4:10  Stalker  
  28  4:19  Pylon  
  28  4:20  Photon Cannon  
Tags
 
Add a new tag
Caveats
  • Supply blocks, unpowered buildings, or Contaminate may cause inaccurate times.
  • Supply counts are checked every 10 seconds.